Map: Odyssey LE

Players

ThorAzzmackr - Winner!

  • Race: Zerg Zerg
  • League: Platinum
  • Spawn Location: 5:00

Juxtapose

  • Race: Protoss Protoss
  • League: Gold
  • Spawn Location: 11:00

VOD

https://youtu.be/SKOmQigQEog

Description

Most Zerg players rush with Zerglings early against Protoss, which is what I was preparing for. I was quite shocked, and not ready for, Roaches.

After that devastating encounter I knew how the match was likely to end, but I decided to play on to see what further I could accomplish.

Time

  • Played on: Dec. 17, 2017, 10:44 a.m.
  • Length: 13:12
Show
View Real Time Build Order
Export as new Build Order

ThorAzzmackr Zerg - Winner!

Build Orders: Pool First 

Get SALT Encoding   

  12  0:01  Drone  
  13  0:22  Spawning Pool  
  12  0:29  Overlord  
  12  0:34  Drone  
  13  0:39  Drone  
  13  0:42  Extractor  
  13  0:45  Drone  
  14  0:54  Drone  
  15  1:03  Drone  
  16  1:12  Queen  
  16  1:14  Drone  
  19  1:25  Drone  
  20  1:35  Roach Warren  
  19  1:49  Overlord x2  
  18  2:20  Roach x2  
  18  2:21  Roach x3  
  28  2:24  Roach  
  30  2:35  Roach  
  32  2:44  Roach  
  34  2:57  Roach  
  36  3:00  Roach  
  38  3:18  Hatchery  
  37  3:20  Overlord  
  37  3:24  Drone  
  38  3:54  Drone x3  
  41  3:57  Extractor  
  38  4:23  Lair  
  36  4:24  Drone x3  
  36  4:26  Drone x3  
  38  4:48  Drone x2  
  34  4:55  Spore Crawler  
  34  4:57  Spore Crawler  
  30  5:01  Spore Crawler  
  30  5:04  Spore Crawler  
  25  5:07  Drone x3, Spore Crawler  
  25  5:09  Queen  
  28  5:27  Spire  
  27  5:28  Drone  
  27  5:31  Drone  
  27  5:33  Drone  
  30  5:36  Drone  
  31  5:43  Spine Crawler  
  31  5:47  Drone  
  31  5:49  Drone  
  32  6:00  Drone  
  32  6:01  Drone x3  
  36  6:05  Drone  
  36  6:08  Drone x2  
  36  6:11  Extractor  
  38  6:12  Drone  
  38  6:16  Drone  
  40  6:21  Drone x2  
  40  6:22  Drone  
  43  6:38  Mutalisk  
  43  6:39  Mutalisk x3  
  51  6:42  Overlord  
  51  6:44  Overlord  
  51  6:49  Extractor  
  50  6:57  Mutalisk  
  52  7:03  Mutalisk x3  
  52  7:06  Mutalisk  
  60  7:20  Mutalisk  
  62  7:37  Mutalisk, Zerg Flyer Weapons Level 1  
  64  7:44  Hatchery  
  63  8:00  Drone x3  
  63  8:03  Mutalisk  
  68  8:06  Hatchery  
  68  8:09  Overlord x3  
  68  8:10  Overlord  
  67  8:29  Mutalisk  
  67  8:30  Mutalisk x2  
  67  8:34  Mutalisk x2  
  73  8:38  Drone x4  
  73  8:41  Drone  
  82  9:04  Extractor  
  82  9:05  Extractor  
  80  9:17  Drone x2, Queen  
  82  9:19  Drone, Queen  
  82  9:22  Drone x2  
  82  9:23  Drone x3  
  92  9:41  Extractor  
  92  9:42  Extractor  
  92  9:43  Zerg Flyer Weapons Level 2  
  92  9:44  Mutalisk  
  92  9:45  Mutalisk x4  
  92  9:49  Mutalisk  
  92  9:50  Mutalisk  
  104  10:04  Drone x2  
  104  10:05  Drone  
  108  10:07  Drone x2  
  108  10:12  Mutalisk  
  111  10:20  Overlord x3  
  111  10:22  Overlord x3  
  111  10:44  Zergling x4  
  111  10:45  Zergling x2  
  111  10:46  Zergling x6  
  111  10:47  Zergling x2  
  111  10:49  Metabolic Boost  
  118  10:51  Zergling x6  
  118  10:54  Zergling x2  
  122  10:57  Zergling x8  
  122  11:01  Zergling x4  
  128  11:31  Mutalisk x5  
  138  11:35  Mutalisk x2  
  138  11:36  Mutalisk  
  138  11:39  Mutalisk x2  
  144  11:40  Mutalisk x2  
  144  11:44  Overlord  
  144  11:45  Overlord  
  152  11:48  Overlord  
  152  11:52  Overlord  
  152  12:12  Mutalisk  
  152  12:13  Mutalisk x3  
  160  12:23  Zergling x2  
  160  12:24  Zergling x4  
Show
View Real Time Build Order
Export as new Build Order

Juxtapose Protoss 

Build Orders: Oracle Opening 

Get SALT Encoding   

  12  0:01  Probe  
  13  0:13  Probe  
  14  0:22  Pylon  
  14  0:25  Probe  
  15  0:40  Probe  
  15  0:42  Gateway  
  16  0:50  Assimilator  
  16  0:52  Probe  
  17  1:03  Pylon  
  17  1:05  Probe  
  17  1:11  Assimilator  
  18  1:17  Probe  
  19  1:29  Probe  
  20  1:36  Cybernetics Core  
  20  1:38  Zealot (Chrono Boost)  
  22  1:41  Probe  
  23  1:53  Probe  
  24  2:05  Probe  
  24  2:06  Pylon  
  25  2:10  Pylon  
  25  2:18  Probe  
  26  2:22  Stargate  
  26  2:28  Pylon  
  26  2:32  Sentry  
  28  2:40  Forge  
  28  2:45  Shield Battery  
  28  2:52  Shield Battery  
  28  3:06  Oracle (Chrono Boost)  
  31  3:27  Gateway  
  31  3:33  Warp Gate  
  29  3:53  Stalker  
  29  3:59  Pylon  
  33  4:03  Void Ray (Chrono Boost)  
  17  4:24  Probe  
  13  4:36  Probe  
  13  4:48  Probe  
  13  4:49  Stalker  
  14  4:59  Pylon  
  12  5:01  Probe (Chrono Boost)  
  12  5:13  Pylon, Probe (Chrono Boost)  
  13  5:15  Probe (Chrono Boost)  
  14  5:27  Probe (Chrono Boost)  
  15  5:37  Probe  
  13  6:03  Probe (Chrono Boost)  
  15  6:14  Probe (Chrono Boost)  
  15  6:18  Probe  
  16  6:30  Probe (Chrono Boost)  
  18  6:42  Probe (Chrono Boost)  
  18  6:44  Probe (Chrono Boost)  
  18  6:45  Pylon  
  19  6:56  Probe  
  20  7:05  Stalker  
  20  7:08  Probe  
  23  7:20  Probe  
  24  7:30  Stalker  
  24  7:32  Probe (Chrono Boost)  
  27  7:42  Zealot  
  30  7:44  Probe (Chrono Boost)  
  30  7:46  Probe  
  31  7:58  Probe  
  31  8:05  Stalker  
  34  8:10  Probe  
  32  8:20  Photon Cannon  
  32  8:23  Probe  
  30  8:35  Probe  
  31  8:41  Phoenix (Chrono Boost)  
  31  8:47  Probe  
  34  9:04  Probe  
  34  9:06  Stalker  
  37  9:16  Probe  
  38  9:21  Phoenix  
  40  9:28  Probe  
  41  9:39  Stalker  
  43  9:58  Stalker  
  45  10:32  Nexus  
  45  10:35  Pylon  
  45  10:43  Pylon  
  45  10:47  Stalker  
  47  10:59  Shield Battery  
  47  11:04  Pylon  
  47  11:10  Zealot  
  25  11:29  Probe  
  24  11:53  Probe  
  25  12:07  Probe  
  26  12:15  Probe  
  27  12:20  Probe  
  28  12:28  Probe  
  29  12:33  Probe  
  30  12:47  Probe x2  
Tags
 
Add a new tag
Caveats
  • Supply blocks, unpowered buildings, or Contaminate may cause inaccurate times.
  • Supply counts are checked every 10 seconds.